 Dungeon Crawl Stone Soup version 0.27.1-3-gb3d3a73c9e (webtiles) character file.

Game seed: 7128709330117432896

150 Hyoran the Shield-Bearer (level 5, 46/46 HPs)
             Began as a Hill Orc Fighter on Oct 12, 2021.
             Was a Follower of Trog.
             Got out of the dungeon alive.
             The game lasted 00:38:19 (1493 turns).

Hyoran the Shield-Bearer (Hill Orc Fighter)         Turns: 1493, Time: 00:38:20

Health: 46/46      AC:  8    Str: 19    XL:     5   Next: 32%
Magic:  5/5        EV: 11    Int: 14    God:    Trog [*.....]
Gold:   77         SH: 15    Dex: 11    Spells: 4/4 levels left

rFire    + . .     SeeInvis .   i - +0 dagger (drain)
rCold    . . .     Faith    .   c - +1 kite shield
rNeg     + . .     Spirit   .   b - +0 scale mail
rPois    .         Reflect  +   n - +0 helmet
rElec    .         Harm     .   (no cloak)
rCorr    .         Rampage  .   (no gloves)
Will     .....                  (no boots)
Stlth    ..........             e - amulet "Loxiuru" {Reflect rF+ rN+ Regen+ Int+6 SH+5}
HPRegen  1.15/turn              r - +4 ring of evasion
MPRegen  0.09/turn              (no ring)

@: no status effects
A: no striking features
a: Renounce Religion, Berserk


You escaped.
You worshipped Trog.
Trog was aware of your devotion.
You visited 1 branch of the dungeon, and saw 2 of its levels.

You collected 77 gold pieces.

Inventory:

Hand Weapons
 a - a +0 war axe
 f - a +0 club
 g - a +0 dagger
 i - a +0 dagger of draining (weapon)
 j - a +0 dagger
 l - a +0 mace
 o - a +0 dagger
 s - a +0 dagger
Armour
 b - a +0 scale mail (worn)
 c - a +1 kite shield (worn)
 m - a +0 animal skin
 n - a +0 helmet (worn)
 q - a +0 leather armour
Jewellery
 e - the amulet "Loxiuru" (around neck) {Reflect rF+ rN+ Regen+ Int+6 SH+5}
   (You acquired it on level 1 of the Dungeon)

   [amulet of reflection]

   It reflects blocked missile attacks.
   Int:       It affects your intelligence (+6).
   rF:        It protects you from fire.
   rN:        It protects you from negative energy.
   Regen:     It increases your rate of health regeneration.
   SH:        It affects your SH (+5).
 r - a +4 ring of evasion (left hand)
Scrolls
 t - a scroll of identify
Potions
 d - a potion of might
 h - a potion of heal wounds {unknown}
 k - 3 potions of curing {unknown}
 p - a potion of cancellation {unknown}


   Skills:
 + Level 4.2 Fighting
 + Level 1.5 Short Blades
 + Level 2.9 Axes
 + Level 3.9 Armour
 + Level 0.6 Dodging
 + Level 5.0 Shields


You had 4 spell levels left.
You didn't know any spells.
Your spell library contained the following spells:

 Spells                   Type           Power      Damage    Failure   Level
 Foxfire                  Conj/Fire      0%         2x1d4     97%         1
 Shock                    Conj/Air       0%         1d3       97%         1
 Conjure Flame            Conj/Fire      0%         6-21      100%        3
 Inner Flame              Hex/Fire       0%         N/A       100%        3
 Swiftness                Air            0%         N/A       100%        3
 Airstrike                Air            0%         N/A       100%        4


Dungeon Overview and Level Annotations

Branches:
Dungeon (2/15)

Altars:
Trog


Message History

You kill Natasha!
Trog accepts your kill.
Trog appreciates your killing of a magic user.
You feel Natasha's spirit has finally been put to rest.
The white imp disappears in a puff of smoke!
There is an open door, spattered with blood here.
You see here a goblin skeleton.
There are no objects that can be picked up here. a goblin skeleton
Found a scroll of identify.
t - a scroll of identify What are your orders? t - Shout!
Orders for allies: a - Attack new target. r - Retreat! s - Stop attacking. g - Guard the area. f - Follow me.
Anything else - Cancel.
Okay, then.
There are no items here.
You enter the shallow water.
Moving in this stuff is going to be slow.
There is a stone staircase leading up here.
There are no items here.
You climb upwards.
There is a stone staircase leading down here.
An endoplasm comes into view.
Found a book of Flames.
The endoplasm quivers.
The endoplasm misses you.
You hit the endoplasm. You drain the endoplasm.
You kill the endoplasm!
Trog accepts your kill.
Your Shields skill increases to level 5!
You see here a book of Flames.
You pick up a book of Flames and begin reading...
You add the spells Foxfire, Conjure Flame and Inner Flame to your library.
Why would you want to do that?
There is a staircase leading out of the dungeon here.
Are you sure you want to leave the Dungeon?
This will make you lose the game!
You have escaped!

#######.###.# .#.#...#
#.# #.####.##..#.#.#
####.###.#...##..#..##.
#..........##.#.#...###
#.≈≈≈≈≈≈≈..###....####.
#.≈.....≈...###.#.###..
#.≈..........##.#.>#..#
#.≈..≈≈≈≈≈≈≈.##.#.#.#.#
#.≈..≈@....≈.##.#.###.#
#.≈.....≈..≈.##.#.# #.#
#.≈≈≈≈≈≈≈..≈.##.#.# #.#
#..........≈....#.# #.#
##.#.≈.....≈.####.# #.#
#.#.≈≈≈≈≈≈≈.# #.# #.#
#.#.........# #.# #.#
#.......########.###.#
######...............#


There were no monsters in sight!

Vanquished Creatures
  Natasha (thrice) (D:2)
  Robin (D:2)
  2 adders (D:2)
  4 bats (D:1)
  4 endoplasms
  A giant cockroach (D:1)
  14 goblins
  2 hobgoblins (D:2)
  7 jackals (D:1)
  A quokka (D:1)
  5 ball pythons
  A frilled lizard (D:1)
  4 kobolds
49 creatures vanquished.

Notes
Turn   | Place    | Note
-------+----------+-------------------------------------------
     0 | D:1      | Hyoran the Hill Orc Fighter began the quest for the Orb.
     0 | D:1      | Reached XP level 1. HP: 19/19 MP: 1/1
    45 | D:1      | Identified a scroll of acquirement
   119 | D:1      | Acquired the amulet "Loxiuru" {Reflect rF+ rN+ Regen+ Int+6
                  | SH+5}
   325 | D:1      | Reached XP level 2. HP: 17/25 MP: 2/2
   395 | D:2      | Noticed Robin
   407 | D:2      | Killed Robin
   410 | D:2      | Reached XP level 3. HP: 14/33 MP: 3/3
   616 | D:2      | Noticed Natasha
   624 | D:2      | Killed Natasha
   625 | D:2      | Reached skill level 4 in Shields
   652 | D:2      | Reached XP level 4. HP: 40/40 MP: 4/4
   707 | D:2      | Reached skill level 1 in Short Blades
   859 | D:1      | Found a faded altar of an unknown god.
   892 | D:1      | Became a worshipper of Trog the Wrathful
   892 | D:1      | Reached * piety under Trog
   975 | D:2      | Noticed Natasha
   984 | D:2      | Killed Natasha
  1048 | D:2      | Reached XP level 5. HP: 46/46 MP: 5/5
  1195 | D:2      | Noticed Natasha
  1213 | D:2      | Killed Natasha
  1413 | D:1      | Reached skill level 5 in Shields
  1493 | D:$      | Got out of the dungeon alive.

Illustrated notes

Levels and vault maps discovered:
D:1:      ebering_hopf_link, layout_loops_ring,
          hellmonk_ecumenical_altar_dog_temple
D:2:      layout_basic, serial_rivers, chequers_serial_rivers_room_b,
          chequers_serial_rivers_small_a, chequers_serial_rivers_large_b,
          chequers_serial_rivers_small_b, hex_tiny, uniq_robin, uniq_natasha

Skill      XL: |  1  2  3  4  5 |
---------------+----------------+-----
Fighting       | 4 |  4.2
Shields        | 4 5 |  5.0
Short Blades   | 1 |  1.5
Axes           | |  2.9
Armour         | |  3.9
Dodging        | |  0.6

Action                   |  1- 3 |  4- 6 || total
-------------------------+-------+-------++-------
Melee: War axe           |    25 |       ||    25
       Dagger            |    66 |    84 ||   150
  Use: Scroll            |     2 |     1 ||     3
Armor: Scale mail        |    29 |    37 ||    66
Dodge: Dodged            |    24 |    22 ||    46
Block: Kite shield       |    68 |    75 ||   143
       Reflection        |     3 |     2 ||     5
